[Event "Titled Tuesday Blitz September 21 2021"]
[White "Plotnikov, Pavel"]
[Black "Vogel, Roven"]
[WhiteFideId "4170342"]
[BlackFideId "12908088"]
[WhiteElo "2298"]
[BlackElo "2516"]
[Result "0-1"]
[Round "02"]
[TimeControl "180+1"]
[Date "2021.09.21"]
[WhiteClock "0:00:01"]
[BlackClock "0:01:38"]

1. e4 c6 2. d4 d5 3. exd5 cxd5 4. Bd3 Nc6 5. c3 Nf6 6. Bf4 g6 7. Nd2 Bf5 8. Qc2 e6 9. Ngf3 Bd6 10. Bxd6 Qxd6 11. a3 O-O 12. O-O Rac8 13. Rae1 Kh8 14. Qb1 Qf4 15. g3 Qh6 16. h4 Bh3 17. Ng5 Bxf1 18. Nxf1 Qg7 19. Nh2 Rfe8 20. Nhf3 h6 21. Nh3 Ng4 22. Nf4 e5 23. Nxd5 exd4 24. Rxe8+ Rxe8 25. c4 Nf6 26. Nf4 Nd7 27. Kg2 Nc5 28. b4 Nxd3 29. Qxd3 Ne5 30. Qxd4 Nxf3 31. Qxg7+ Kxg7 32. Kxf3 Re1 33. c5 Ra1 34. Nd3 Rxa3 35. Ke4 Kf6 36. Kd4 a6 37. Kc4 Kf5 38. Kd4 f6 39. f3 h5 40. Kc4 Ra1 41. Kd4 Rg1 42. Kd5 Rxg3 43. Nb2 Rxf3 44. Kd6 Rb3 45. Nc4 Rxb4 46. Nb6 Rb5 47. Nc8 g5 48. Ne7+ Kg4 0-1


[Site "https://www.chess.com"]

[Event "Titled Tuesday Blitz September 21 2021"]
[White "Popilski, Gil"]
[Black "Deac, Bogdan-Daniel"]
[WhiteFideId "2809060"]
[BlackFideId "1226380"]
[WhiteElo "2537"]
[BlackElo "2605"]
[Result "0-1"]
[Round "02"]
[TimeControl "180+1"]
[Date "2021.09.21"]
[WhiteClock "0:00:11"]
[BlackClock "0:00:05"]

1. e4 e5 2. Nf3 Nf6 3. d3 Nc6 4. Nbd2 d5 5. g3 g6 6. Bg2 Bg7 7. O-O O-O 8. exd5 Nxd5 9. Re1 Re8 10. Nc4 h6 11. a4 b6 12. c3 Bf5 13. a5 b5 14. Ne3 Be6 15. Nd2 f5 16. Nb3 Qd6 17. c4 Nxe3 18. Bxe3 bxc4 19. dxc4 e4 20. Qxd6 cxd6 21. Rad1 Bxc4 22. Rxd6 Ne5 23. Nc5 Bf8 24. Rdd1 Ng4 25. Bd4 Red8 26. b4 Rab8 27. Bc3 Rbc8 28. f3 Rxd1 29. Rxd1 Ne3 30. Rd7 Nd5 31. Bd2 e3 32. Be1 a6 33. f4 Nxb4 34. Bxb4 Bxc5 35. Bxc5 Rxc5 36. Re7 e2 37. Bf3 Kf8 38. Re3 Rxa5 39. Bxe2 Ra1+ 40. Kf2 Ra2 41. Ke1 Rxe2+ 42. Rxe2 Bxe2 43. Kxe2 Ke7 44. Kd3 Kd6 45. Kd4 a5 46. Kc4 Kc6 47. h3 h5 48. h4 Kb6 49. Kd5 a4 50. Kc4 Ka5 0-1


[Site "https://www.chess.com"]

[Event "Titled Tuesday Blitz September 21 2021"]
[White "Priasmoro, Novendra"]
[Black "Petesch, Gabriel"]
[WhiteFideId "7105029"]
[BlackFideId "2032465"]
[WhiteElo "2309"]
[BlackElo "2374"]
[Result "1-0"]
[Round "02"]
[TimeControl "180+1"]
[Date "2021.09.21"]
[WhiteClock "0:02:12"]
[BlackClock "0:00:04"]

1. e4 e5 2. Nf3 Nc6 3. Bb5 a6 4. Ba4 Nf6 5. O-O b5 6. Bb3 Nxe4 7. d4 d5 8. dxe5 Be6 9. c3 Be7 10. Nbd2 Nc5 11. Bc2 d4 12. Nb3 d3 13. Bb1 Nxb3 14. axb3 Bf5 15. Bf4 O-O 16. Qd2 Qd7 17. h3 Rfd8 18. Rd1 Be4 19. Qe3 Qd5 20. c4 bxc4 21. bxc4 Qxc4 22. Nd2 Qb4 23. Qxe4 Qxb2 24. Ra2 Qb5 25. Nf3 Nb4 26. Rad2 c5 27. Bxd3 Nxd3 28. Rxd3 Rxd3 29. Qxa8+ Bf8 30. Rxd3 Qxd3 31. Bg5 Qd1+ 32. Kh2 Qd7 33. Qxa6 Qc7 34. Bf4 c4 35. Nd4 c3 36. Qc6 Qa5 37. e6 fxe6 38. Qxe6+ Kh8 39. Qe8 Qb4 40. Ne6 Kg8 41. Qxf8+ Qxf8 42. Nxf8 Kxf8 43. Kg3 1-0


[Site "https://www.chess.com"]

[Event "Titled Tuesday Blitz September 21 2021"]
[White "Putnam, Liam"]
[Black "Salinas Herrera, Pablo"]
[WhiteFideId "30938279"]
[BlackFideId "3407128"]
[WhiteElo "2035"]
[BlackElo "2541"]
[Result "0-1"]
[Round "02"]
[TimeControl "180+1"]
[Date "2021.09.21"]
[WhiteClock "0:00:08"]
[BlackClock "0:01:19"]

1. e4 e5 2. Nf3 Nc6 3. Bb5 a6 4. Ba4 d6 5. O-O Bd7 6. c3 g6 7. d4 Bg7 8. Bg5 f6 9. Bh4 g5 10. Nxg5 fxg5 11. Qh5+ Kf8 12. Bxg5 Qe8 13. Qh4 h6 14. Be3 exd4 15. cxd4 Nxd4 16. Nc3 Bxa4 17. Nxa4 Qxa4 18. f4 Nc2 19. Rae1 Nxe1 20. Rxe1 Nf6 21. e5 Nd5 22. exd6 cxd6 0-1


[Site "https://www.chess.com"]

[Event "Titled Tuesday Blitz September 21 2021"]
[White "Rakhmanov, Aleksandr"]
[Black "Coto Mederos, Michel"]
[WhiteFideId "4173708"]
[BlackFideId "3508528"]
[WhiteElo "2554"]
[BlackElo "2427"]
[Result "1-0"]
[Round "02"]
[TimeControl "180+1"]
[Date "2021.09.21"]
[WhiteClock "0:00:08"]
[BlackClock "0:00:11"]

1. c4 e6 2. d4 d5 3. Nf3 Nf6 4. Qc2 Be7 5. g3 O-O 6. Bg2 c5 7. dxc5 Bxc5 8. O-O d4 9. Nbd2 Nc6 10. Nb3 Qe7 11. Bg5 e5 12. Bxf6 gxf6 13. Nh4 Bd6 14. Be4 Bh3 15. Bxh7+ Kh8 16. Bf5 Bxf1 17. Rxf1 Rg8 18. Qe4 Rg5 19. Qf3 Re8 20. Nd2 Kg7 21. Ne4 Rh8 22. Nxg5 fxg5 23. Ng2 Qf6 24. h4 Ne7 25. Be4 gxh4 26. Nxh4 Qxf3 27. exf3 b6 28. Re1 Rh5 29. Bd3 f5 30. Kg2 Kf6 31. a3 Rg5 32. b4 f4 33. g4 Rg8 34. Nf5 Nxf5 35. Bxf5 a5 36. Rh1 Rg7 37. Rh6+ Ke7 38. Re6+ Kf8 39. Rxd6 Ra7 40. Rxb6 axb4 41. axb4 Ra1 42. c5 d3 43. Rd6 Rd1 44. Rxd3 Rc1 45. Rd6 Ke7 46. Re6+ Kf7 47. Rxe5 Kf6 48. Re4 Kg5 49. Bd7 Kh4 50. Re8 Kg5 51. Rh8 Kf6 52. Rh5 Kg6 53. Bf5+ Kf6 54. Be4 Rc4 55. Rf5+ Kg7 56. g5 Rxb4 57. c6 Rc4 58. Re5 Kf7 59. g6+ Kf6 60. Re8 Kg7 61. Re7+ Kf6 62. Rf7+ Ke6 63. Ra7 Rc5 64. g7 Rg5+ 65. Kf1 Kd6 66. Rd7+ Ke6 67. g8=Q+ Rxg8 68. Bd5+ Ke5 69. Bxg8 1-0


[Site "https://www.chess.com"]

[Event "Titled Tuesday Blitz September 21 2021"]
[White "Real De Azua, Ernesto"]
[Black "Kollars, Dmitrij"]
[WhiteFideId "108154"]
[BlackFideId "12909572"]
[WhiteElo "2476"]
[BlackElo "2584"]
[Result "0-1"]
[Round "02"]
[TimeControl "180+1"]
[Date "2021.09.21"]
[WhiteClock "0:00:03"]
[BlackClock "0:00:05"]

1. d4 Nf6 2. c4 e6 3. Nc3 Bb4 4. e3 O-O 5. Bd2 Re8 6. Nf3 b6 7. Bd3 Bb7 8. O-O d6 9. a3 Bxc3 10. Bxc3 Nbd7 11. Nd2 e5 12. d5 Qe7 13. e4 Nf8 14. Re1 Ng6 15. g3 h5 16. Nf1 Bc8 17. Ne3 Ng4 18. Nf5 Qf8 19. h3 Nf6 20. Bd2 Ne7 21. g4 Nh7 22. Qf3 g5 23. h4 Nxf5 24. exf5 Qg7 25. Kh1 f6 26. gxh5 Kh8 27. Rg1 Rg8 28. hxg5 fxg5 29. f6 Qxf6 30. Qxf6+ Nxf6 31. Bxg5 Nxh5 32. Be2 Nf4 33. Bxf4 exf4 34. Rxg8+ Kxg8 35. Rg1+ Kf8 36. Rg6 Bd7 37. Rf6+ Kg7 38. Rxf4 Re8 39. Bd3 Re1+ 40. Kg2 Rd1 41. Rf3 Rd2 42. b4 Ra2 43. Rg3+ Kf6 44. Be4 Rb2 45. Kf3 Ba4 46. Kf4 Rxf2+ 47. Ke3 Rb2 48. Kf4 Bb3 49. Rg6+ Kf7 50. Rh6 Kf8 51. Rh7 Rf2+ 52. Ke3 Rf7 53. Rxf7+ Kxf7 54. Kd4 Kf6 55. c5 Kg5 56. Bd3 Kf4 57. cxd6 cxd6 58. Be2 Ba4 59. Bd3 Kf3 60. Bc4 Bc2 61. Bf1 Kf2 62. Bb5 Ke1 63. Bc4 Bg6 64. Kc3 Kf2 65. Kd4 Bf5 66. Bb5 Ke1 67. Bc4 Kd2 68. Bb5 Kc2 69. Bc6 Kb3 70. b5 Kxa3 71. Ke3 Kb4 72. Kf4 Bd3 73. Kg5 Bxb5 74. Kf6 Kc5 75. Bb7 Bc4 0-1


[Site "https://www.chess.com"]

[Event "Titled Tuesday Blitz September 21 2021"]
[White "Rojas Alarcon, Julian Antonio"]
[Black "Kushko, Dmitriy"]
[WhiteFideId "5107407"]
[BlackFideId "14162261"]
[WhiteElo "2333"]
[BlackElo "2219"]
[Result "0-1"]
[Round "02"]
[TimeControl "180+1"]
[Date "2021.09.21"]
[WhiteClock "0:00:15"]
[BlackClock "0:00:06"]

1. e4 d6 2. d4 Nf6 3. Nc3 g6 4. f3 c6 5. a4 Nbd7 6. Be3 Bg7 7. Qd2 O-O 8. Bc4 d5 9. exd5 Nb6 10. Bb3 Nbxd5 11. Nxd5 Nxd5 12. Bh6 Bxh6 13. Qxh6 Qd6 14. Ne2 Be6 15. O-O Nb4 16. Bxe6 Qxe6 17. Qd2 a5 18. c3 Nd5 19. Rfe1 Qe3+ 20. Qxe3 Nxe3 21. Rac1 Nc4 22. Rc2 Ne3 23. Rcc1 Nc4 24. Rb1 Nd2 25. Rbd1 Nc4 26. b3 Ne3 27. Rd3 Nd5 28. Kf2 Rfe8 29. Ng3 Rad8 30. Ne4 b6 31. g3 Kg7 32. f4 h6 33. h3 f5 34. Nd2 g5 35. fxg5 hxg5 36. Nf3 Kf6 37. Ne5 c5 38. dxc5 bxc5 39. Nc6 Rd7 40. Red1 Rd6 41. Nxa5 Red8 42. Nb7 Nxc3 43. Nxd6 Nxd1+ 44. Rxd1 Rxd6 45. Rc1 Rb6 46. Rc3 Ke6 47. Kf3 Kd5 48. Rd3+ Ke5 49. Re3+ Kd6 50. h4 gxh4 51. gxh4 e5 52. Rc3 Kd5 53. Rd3+ Ke6 54. Rc3 Kd5 55. Rd3+ Ke6 56. Ke2 Rb8 57. Kd2 e4 58. Rh3 Ke5 59. Kc3 f4 60. Kc4 f3 61. Kc3 Kf4 62. h5 f2 63. Rh1 e3 64. Kd3 Rd8+ 65. Ke2 Rd2+ 66. Kf1 Rd1+ 67. Kg2 Rxh1 68. Kxh1 f1=Q+ 0-1


[Site "https://www.chess.com"]

[Event "Titled Tuesday Blitz September 21 2021"]
[White "Sailer, Mike"]
[Black "Iskusnyh, Sergei"]
[WhiteFideId "2012901"]
[BlackFideId "4120027"]
[WhiteElo "2109"]
[BlackElo "2492"]
[Result "0-1"]
[Round "02"]
[TimeControl "180+1"]
[Date "2021.09.21"]
[WhiteClock "0:00:09"]
[BlackClock "0:01:16"]

1. d4 d5 2. Nf3 Nf6 3. Bf4 c5 4. e3 Nc6 5. Nc3 cxd4 6. exd4 a6 7. Be2 Bg4 8. h3 Bxf3 9. Bxf3 e6 10. O-O Be7 11. a3 O-O 12. Ne2 Rc8 13. c3 Na5 14. Nc1 Nc4 15. Nd3 Nd7 16. Qe2 Bd6 17. Bxd6 Nxd6 18. Ne5 Nxe5 19. dxe5 Nc4 20. Rfe1 Qc7 21. Rab1 Rfd8 22. Bg4 b5 23. f4 g6 24. Kh1 a5 25. Qd3 Qb6 26. Bd1 Qf2 27. Rf1 Qd2 28. Bc2 Qxd3 29. Bxd3 Nd2 30. Bxb5 d4 31. c4 d3 32. b4 axb4 33. axb4 Rd4 34. Rbd1 Nxf1 35. Rxf1 d2 36. Rd1 Rcd8 37. g3 Re4 38. Kg2 Re1 39. Rxd2 Rxd2+ 0-1


[Site "https://www.chess.com"]

[Event "Titled Tuesday Blitz September 21 2021"]
[White "Sarana, Alexey"]
[Black "Taboas Rodriguez, Daniel"]
[WhiteFideId "24133795"]
[BlackFideId "2208466"]
[WhiteElo "2671"]
[BlackElo "2429"]
[Result "1-0"]
[Round "02"]
[TimeControl "180+1"]
[Date "2021.09.21"]
[WhiteClock "0:01:10"]
[BlackClock "0:00:20"]

1. e4 e6 2. Nf3 d5 3. d3 dxe4 4. dxe4 Qxd1+ 5. Kxd1 Nf6 6. Bd3 Nc6 7. c3 b6 8. Bf4 Bd6 9. e5 Nd5 10. Bg3 Be7 11. Nbd2 Bb7 12. Ke2 O-O-O 13. Ne4 f5 14. exf6 gxf6 15. Rhe1 e5 16. Nh4 Rhf8 17. Nd2 Bd6 18. Rad1 Nde7 19. Nf5 Nxf5 20. Bxf5+ Kb8 21. Ne4 Ne7 22. Nxd6 cxd6 23. Be6 Bc8 24. Bxc8 Kxc8 25. f4 Nf5 26. Bf2 Rfe8 27. g4 Ne7 28. fxe5 dxe5 29. Bh4 Rf8 30. Rxd8+ Kxd8 31. Rf1 Nd5 32. Rd1 1-0


[Site "https://www.chess.com"]

[Event "Titled Tuesday Blitz September 21 2021"]
[White "Savchenko, Boris"]
[Black "Paul, Justin"]
[WhiteFideId "4147332"]
[BlackFideId "2086581"]
[WhiteElo "2543"]
[BlackElo "2034"]
[Result "1-0"]
[Round "02"]
[TimeControl "180+1"]
[Date "2021.09.21"]
[WhiteClock "0:02:46"]
[BlackClock "0:01:52"]

1. e4 c5 2. Nf3 d6 3. d4 cxd4 4. Nxd4 Nf6 5. Nc3 a6 6. h3 b5 7. a4 b4 8. Nd5 e6 9. Nxf6+ gxf6 10. Bc4 Qc7 11. Qe2 Nc6 12. Nxc6 Qxc6 13. Bd5 Qc7 14. Bxa8 Be7 15. O-O O-O 16. Bh6 1-0


[Site "https://www.chess.com"]

[Event "Titled Tuesday Blitz September 21 2021"]
[White "Schut, Han"]
[Black "Zarubitski, Viachaslau"]
[WhiteFideId "1005561"]
[BlackFideId "13509373"]
[WhiteElo "2057"]
[BlackElo "2315"]
[Result "1-0"]
[Round "02"]
[TimeControl "180+1"]
[Date "2021.09.21"]
[WhiteClock "0:00:11"]
[BlackClock "0:00:02"]

1. e4 e6 2. d4 b6 3. Bd3 Bb7 4. Qe2 c5 5. c3 d5 6. e5 Qc8 7. Nd2 Ba6 8. f4 Bxd3 9. Qxd3 Qa6 10. Ke2 Ne7 11. Ndf3 Nec6 12. a3 Qxd3+ 13. Kxd3 c4+ 14. Kc2 b5 15. Ne2 Nd7 16. Bd2 Nb6 17. g4 g6 18. Ng3 h5 19. gxh5 gxh5 20. h4 Ne7 21. f5 Nxf5 22. Nxf5 exf5 23. Rhg1 Nc8 24. Bg5 a5 25. Bf6 Rh6 26. Rg5 Ne7 27. Rag1 b4 28. axb4 axb4 29. cxb4 Nc6 30. b5 Nb4+ 31. Kb1 Nd3 32. Bg7 Bxg7 33. Rxg7 Ra5 34. Rg8+ Ke7 35. Rb8 Ra4 36. Rgg8 f4 37. Ng5 Ra7 38. Rbd8 1-0


[Site "https://www.chess.com"]

[Event "Titled Tuesday Blitz September 21 2021"]
[White "Seemann, Jakub"]
[Black "Krivonosov, Oleg"]
[WhiteFideId "21874697"]
[BlackFideId "11600349"]
[WhiteElo "1849"]
[BlackElo "2469"]
[Result "0-1"]
[Round "02"]
[TimeControl "180+1"]
[Date "2021.09.21"]
[WhiteClock "0:00:38"]
[BlackClock "0:00:46"]

1. e4 e5 2. Nf3 Nc6 3. Bb5 Nf6 4. O-O Nxe4 5. Re1 Nd6 6. Bf1 Be7 7. Nc3 O-O 8. d4 e4 9. Nxe4 Nxe4 10. Rxe4 d5 11. Re1 Bf5 12. c3 Bd6 13. Bb5 Re8 14. Bxc6 bxc6 15. Bg5 f6 16. Bh4 Qd7 17. Qd2 Be4 18. Qe3 Qf5 19. Bg3 Bxf3 20. Qxf3 Qxf3 21. gxf3 Kf7 22. Rac1 Rxe1+ 23. Rxe1 a5 24. b3 h5 25. Bxd6 cxd6 26. Kf1 c5 27. Rd1 Ke6 28. Ke2 Rc8 29. Ke3 g5 30. Rb1 Kf5 31. dxc5 dxc5 32. c4 d4+ 33. Kd3 Kf4 34. Re1 f5 35. Re7 Kxf3 36. Ra7 Kxf2 37. Rxa5 f4 38. Ra7 f3 39. Rh7 g4 40. Rxh5 Rg8 41. Rxc5 Kg2 42. Rf5 f2 43. a4 f1=Q+ 44. Rxf1 Kxf1 45. a5 Kg2 46. b4 Kxh2 47. a6 g3 48. b5 g2 49. a7 g1=Q 50. b6 0-1


[Site "https://www.chess.com"]

[Event "Titled Tuesday Blitz September 21 2021"]
[White "Shirazi, Kamran"]
[Black "Gabrielian, Artur"]
[WhiteFideId "2000733"]
[BlackFideId "4131002"]
[WhiteElo "2317"]
[BlackElo "2489"]
[Result "0-1"]
[Round "02"]
[TimeControl "180+1"]
[Date "2021.09.21"]
[WhiteClock "0:00:52"]
[BlackClock "0:02:02"]

1. g3 g6 2. Bg2 Bg7 3. Nf3 Nf6 4. d3 c5 5. e4 d6 6. e5 dxe5 7. Nxe5 O-O 8. O-O Nbd7 9. Nf3 b6 10. Nd4 cxd4 11. Bxa8 Ne5 12. Bg2 Bg4 13. f3 Bd7 14. Re1 Nc6 15. Nd2 e5 16. Nc4 Nd5 17. f4 Ne3 18. Nxe3 dxe3 19. Bxe3 exf4 20. Bxf4 Bxb2 21. Bh6 Re8 22. Rxe8+ Qxe8 23. Qe1 Bd4+ 24. Kh1 Bxa1 25. Qxa1 Ne5 26. h3 f6 27. Qd4 Bc6 28. Qf2 Bxg2+ 29. Qxg2 g5 30. Qd5+ Nf7 31. h4 gxh4 32. gxh4 Qe1+ 33. Kh2 Qxh4+ 34. Kg2 Qxh6 35. Qa8+ Kg7 36. Qxa7 Qd2+ 37. Kg3 Qxc2 38. Qa6 Qc7+ 39. Kg2 h5 40. a4 h4 41. Qb5 Qg3+ 42. Kh1 h3 43. Qc6 Qxd3 44. Kh2 Qd6+ 0-1


[Site "https://www.chess.com"]

[Event "Titled Tuesday Blitz September 21 2021"]
[White "Shvedova, Alexandra"]
[Black "Solon, Nathan"]
[WhiteFideId "54154782"]
[BlackFideId "2017229"]
[WhiteElo "1887"]
[BlackElo "2688"]
[Result "0-1"]
[Round "02"]
[TimeControl "180+1"]
[Date "2021.09.21"]
[WhiteClock "0:00:22"]
[BlackClock "0:00:19"]

1. e4 c6 2. d4 d5 3. e5 Bf5 4. h4 h5 5. Bd3 Bxd3 6. Qxd3 Qa5+ 7. Nd2 Qa6 8. c4 e6 9. Ngf3 Nh6 10. b3 Nf5 11. O-O Nd7 12. a4 Be7 13. g3 O-O-O 14. Ba3 Bxa3 15. Rxa3 dxc4 16. bxc4 f6 17. exf6 Nxf6 18. Ne4 Nxe4 19. Qxe4 Qxc4 20. Ng5 Rxd4 21. Qxe6+ Qxe6 22. Nxe6 Rd6 23. Ng5 Rf8 24. Re1 Kd7 25. Ne4 Rd5 26. Rb3 b6 27. Ng5 Nd4 28. Rbe3 Nf5 29. Re6 Rd6 30. R6e5 c5 31. Ne6 Rf6 32. Nf4 Nd4 33. Kg2 Ne6 34. Nxh5 Rg6 35. R5e4 a6 36. Nf4 Nxf4+ 37. Rxf4 Rgf6 38. Rfe4 b5 39. axb5 axb5 40. Re7+ Kc6 41. Rxg7 b4 42. Ree7 b3 43. Rc7+ Kb5 44. Rg5 Rc6 45. Rb7+ Kc4 46. Re5 Rb6 47. Rc7 Rfc6 48. Rxc6 Rxc6 49. h5 b2 50. Re1 Kd3 51. g4 c4 52. g5 c3 53. h6 c2 54. h7 Rc8 55. g6 c1=Q 56. g7 Qg5+ 57. Kf1 Qxg7 58. Re3+ Kc2 59. Re2+ Kb3 60. Re3+ Ka2 0-1


[Site "https://www.chess.com"]

[Event "Titled Tuesday Blitz September 21 2021"]
[White "Siva Mahadevan"]
[Black "Manukyan, Sargis A."]
[WhiteFideId "25043153"]
[BlackFideId "13303970"]
[WhiteElo "2203"]
[BlackElo "2187"]
[Result "0-1"]
[Round "02"]
[TimeControl "180+1"]
[Date "2021.09.21"]
[WhiteClock "0:00:25"]
[BlackClock "0:00:27"]

1. e4 c5 2. Nf3 d6 3. d4 cxd4 4. Nxd4 Nf6 5. Nc3 g6 6. Be3 Bg7 7. f3 O-O 8. Qd2 Nc6 9. Bc4 Bd7 10. h4 Rc8 11. Bb3 Nxd4 12. Bxd4 b5 13. h5 a5 14. hxg6 hxg6 15. Nd5 a4 16. Nxf6+ exf6 17. Bd5 Be6 18. Bc3 Bxd5 19. Qxd5 Rxc3 20. bxc3 f5 21. Kf1 fxe4 22. Qxe4 Re8 23. Qh4 Qc7 24. Re1 Rc8 25. Re3 d5 26. Rd3 d4 27. Kf2 Qc4 28. a3 Qa2 29. Rxd4 Qxc2+ 30. Kg3 Be5+ 31. Rf4 Bxf4+ 32. Qxf4 Qxc3 33. Qh6 Qe5+ 34. f4 Rc3+ 35. Kh2 Qh5+ 36. Qxh5 gxh5 37. Rb1 Rb3 38. Rc1 Rxa3 39. Rc5 Rb3 40. Rg5+ Kf8 41. Rxh5 a3 42. Rh8+ Kg7 43. Ra8 b4 44. g3 Rb2+ 45. Kh3 a2 46. Kh4 b3 47. Kg5 Rb1 0-1


[Site "https://www.chess.com"]

[Event "Titled Tuesday Blitz September 21 2021"]
[White "Stoyanov, Tsvetan"]
[Black "Chos, Alexey"]
[WhiteFideId "2917173"]
[BlackFideId "14117762"]
[WhiteElo "2191"]
[BlackElo "2234"]
[Result "1-0"]
[Round "02"]
[TimeControl "180+1"]
[Date "2021.09.21"]
[WhiteClock "0:00:14"]
[BlackClock "0:00:16"]

1. b3 d5 2. Bb2 Nf6 3. Nf3 e6 4. e3 Nbd7 5. c4 Bd6 6. Nc3 c5 7. d4 a6 8. cxd5 exd5 9. Bd3 O-O 10. O-O h6 11. h3 b5 12. dxc5 Nxc5 13. Rc1 Bb7 14. Bb1 Rc8 15. Nd4 b4 16. Nce2 Be5 17. Ne6 fxe6 18. Bxe5 Qe7 19. Qd4 Ncd7 20. Nf4 Rxc1 21. Rxc1 Rc8 22. Rxc8+ Bxc8 23. Ng6 Qd8 24. Qxb4 Nxe5 25. Nxe5 Qc7 26. Nd3 e5 27. Qc5 Qxc5 28. Nxc5 Kf8 29. b4 Ke7 30. Bd3 a5 31. bxa5 Kd6 32. Nb3 Nd7 33. Bf5 Kc6 34. f4 exf4 35. exf4 Kb5 36. Kf2 Kc4 37. Ke3 Kc3 38. Nd4 Kc4 39. a6 Nb6 40. Bxc8 Nxc8 41. g4 Na7 42. h4 Kc3 43. h5 Kc4 44. g5 Kc3 45. gxh6 gxh6 46. f5 Nc8 47. f6 Nd6 48. a7 Nc4+ 49. Ke2 Nb6 50. f7 1-0


[Site "https://www.chess.com"]

[Event "Titled Tuesday Blitz September 21 2021"]
[White "Suvorov, Luca"]
[Black "Anuj Shrivatri"]
[WhiteFideId "12977071"]
[BlackFideId "35070924"]
[WhiteElo "2127"]
[BlackElo "2038"]
[Result "0-1"]
[Round "02"]
[TimeControl "180+1"]
[Date "2021.09.21"]
[WhiteClock "0:00:02"]
[BlackClock "0:00:32"]

1. d4 Nf6 2. c4 e6 3. Nf3 d5 4. Nc3 Bb4 5. Bg5 h6 6. Bxf6 Qxf6 7. Rc1 O-O 8. e3 c6 9. Bd3 Nd7 10. O-O Qe7 11. a3 Bxc3 12. Rxc3 e5 13. dxe5 dxc4 14. Bxc4 Nxe5 15. Nxe5 Qxe5 16. f4 Qe7 17. Qf3 Bf5 18. Bd3 Bxd3 19. Rxd3 Rad8 20. Rfd1 Rxd3 21. Rxd3 Re8 22. h3 c5 23. a4 b6 24. b3 Qe4 25. Qxe4 Rxe4 26. Kf2 f6 27. Kf3 Rb4 28. g4 c4 29. bxc4 Rxa4 30. Rc3 Ra5 31. Ke4 Kf7 32. Kd4 Ke6 33. h4 h5 34. gxh5 Kd6 35. Rc1 Rxh5 36. Rg1 Rh7 37. e4 a5 38. f5 Kc6 39. Rg6 Kc7 40. h5 a4 41. h6 gxh6 42. Rxf6 h5 43. Rg6 h4 44. Rg2 h3 45. Rh2 Rh4 46. Kd5 a3 47. f6 Kd7 48. e5 Rh5 49. Rf2 h2 50. Rxh2 Rxh2 51. e6+ Ke8 52. Kc6 a2 53. Kd6 Rd2+ 0-1


[Site "https://www.chess.com"]

[Event "Titled Tuesday Blitz September 21 2021"]
[White "Svane, Rasmus"]
[Black "Kumala, Aleksander"]
[WhiteFideId "4657101"]
[BlackFideId "1141880"]
[WhiteElo "2643"]
[BlackElo "2269"]
[Result "1-0"]
[Round "02"]
[TimeControl "180+1"]
[Date "2021.09.21"]
[WhiteClock "0:00:07"]
[BlackClock "0:00:05"]

1. Nf3 Nf6 2. g3 b5 3. Bg2 d5 4. d3 e6 5. O-O c5 6. c4 bxc4 7. dxc4 Be7 8. Nc3 Bb7 9. cxd5 exd5 10. Bg5 d4 11. Na4 Nbd7 12. Rc1 Rc8 13. Qb3 Ba8 14. e3 dxe3 15. Bxe3 O-O 16. Rfd1 Qc7 17. Bf4 Qa5 18. Nd2 Bxg2 19. Kxg2 Nb6 20. Nc3 c4 21. Qb5 Qxb5 22. Nxb5 Rc5 23. Nxa7 Ra8 24. b4 cxb3 25. Rxc5 Bxc5 26. Nxb3 Bf8 27. Nc6 Rxa2 28. Rd8 Ra8 29. Bb8 Nbd7 30. Nc5 Rxb8 31. Nxd7 Nxd7 32. Nxb8 Nxb8 33. Rxb8 g6 34. f4 h5 35. Kf3 Kg7 36. Rb5 Be7 37. Ke4 Bf6 38. Rc5 Bb2 39. Rc4 Ba1 40. Rc2 Bf6 41. Ra2 Bc3 42. Ra6 Bb2 43. Rc6 Ba1 44. h3 Bb2 45. Rc7 Ba1 46. Kd5 Bb2 47. Rc2 Bf6 48. Kd6 Bd4 49. Ke7 Be3 50. Rc4 Bf2 51. g4 hxg4 52. hxg4 Be3 53. f5 gxf5 54. gxf5 Bg5+ 55. Kd6 Kf6 56. Rc5 Bf4+ 57. Kc6 Be3 58. Rd5 Bf4 59. Kc5 Be3+ 60. Kc4 Ba7 61. Kd3 Bb8 62. Ke4 Bc7 63. Rc5 Bb8 64. Rc6+ Ke7 65. Kd5 Bf4 66. Rb6 Be3 67. f6+ Kd7 68. Rb7+ Ke8 69. Re7+ 1-0


[Site "https://www.chess.com"]

[Event "Titled Tuesday Blitz September 21 2021"]
[White "Sviridov, Valery"]
[Black "Harshavardhan G B"]
[WhiteFideId "4120680"]
[BlackFideId "25059009"]
[WhiteElo "2454"]
[BlackElo "1825"]
[Result "0-1"]
[Round "02"]
[TimeControl "180+1"]
[Date "2021.09.21"]
[WhiteClock "0:02:35"]
[BlackClock "0:02:09"]

1. Nf3 Nf6 2. g3 g6 3. Bg2 Bg7 4. O-O O-O 5. c4 c5 6. Nc3 Nc6 7. d4 cxd4 8. Nxd4 d6 9. b3 Bd7 10. Bb2 Rc8 11. Nc2 a6 12. Ne3 h5 13. Qd2 h4 14. Rfd1 hxg3 15. hxg3 Ne5 16. Bxb7 Rb8 17. Bg2 Qc8 18. Ncd5 Nxd5 19. Nxd5 Re8 20. Rac1 Bh3 21. Qd3 Nxd3 0-1


[Site "https://www.chess.com"]

[Event "Titled Tuesday Blitz September 21 2021"]
[White "Sydoryka, Vladyslav"]
[Black "Sjugirov, Sanan"]
[WhiteFideId "14145928"]
[BlackFideId "4189302"]
[WhiteElo "2209"]
[BlackElo "2654"]
[Result "0-1"]
[Round "02"]
[TimeControl "180+1"]
[Date "2021.09.21"]
[WhiteClock "0:00:01"]
[BlackClock "0:00:07"]

1. c4 e5 2. g3 Nc6 3. Bg2 g6 4. Nc3 Bg7 5. Nf3 d6 6. O-O Nf6 7. Rb1 a5 8. a3 O-O 9. b4 axb4 10. axb4 Re8 11. b5 Nd4 12. d3 Bg4 13. e3 Nxf3+ 14. Bxf3 Bxf3 15. Qxf3 Qc8 16. Nd5 Nxd5 17. cxd5 b6 18. e4 Qd7 19. Be3 Ra3 20. Qe2 f5 21. Rfc1 Rf8 22. f3 h5 23. Rc6 h4 24. Bg5 hxg3 25. hxg3 fxe4 26. fxe4 Qh3 27. Rd1 Qxg3+ 28. Qg2 Rxd3 29. Rxd3 Qxd3 30. Rxc7 Qd4+ 31. Kh1 Qd1+ 32. Kh2 Qe1 33. Rc2 Qd1 34. Qe2 Qd4 35. Kg2 Qa1 36. Be3 Qa4 37. Bxb6 Qb3 38. Bf2 Bh6 39. Rb2 Qc3 40. b6 Bc1 41. Rc2 Qa3 42. b7 Qb3 43. Rxc1 Qxb7 44. Rg1 Qf7 45. Qg4 Qxf2+ 46. Kh1 Qf3+ 47. Qxf3 Rxf3 48. Rxg6+ Kf7 49. Rxd6 Rf4 50. Ra6 Rxe4 51. Kg2 Rd4 52. d6 Ke6 53. Kf3 Kf5 54. Ke3 Rd5 55. Kf3 Rd3+ 56. Ke2 e4 57. Ra5+ Kf4 58. Ra4 Rxd6 59. Ra2 Rh6 60. Ra3 Rh2+ 61. Ke1 Rg2 62. Rb3 Rc2 63. Ra3 Rb2 64. Rh3 Rb1+ 65. Ke2 Rg1 66. Ra3 Rg2+ 0-1


[Site "https://www.chess.com"]

[Event "Titled Tuesday Blitz September 21 2021"]
[White "Szpar, Milosz"]
[Black "Akshat, Khamparia"]
[WhiteFideId "1184989"]
[BlackFideId "5016541"]
[WhiteElo "2282"]
[BlackElo "2237"]
[Result "1-0"]
[Round "02"]
[TimeControl "180+1"]
[Date "2021.09.21"]
[WhiteClock "0:00:19"]
[BlackClock "0:00:03"]

1. e4 c5 2. Nf3 d6 3. d4 cxd4 4. Qxd4 Nc6 5. Bb5 Qd7 6. Qd3 a6 7. Ba4 b5 8. Bb3 g6 9. O-O Bg7 10. c4 Nf6 11. Nc3 bxc4 12. Qxc4 O-O 13. Ba4 Bb7 14. Nd5 Nxd5 15. exd5 Na5 16. Qb4 Qc7 17. Bd2 Nc4 18. Rac1 Bxd5 19. b3 Rfb8 20. Rxc4 Qd8 21. Qa3 Bxf3 22. gxf3 e6 23. Rc6 d5 24. Qd6 Qh4 25. Qf4 Qh5 26. Rc7 Rf8 27. Re1 Rac8 28. Rb7 Rc2 29. Bb4 Bh6 30. Qg3 Rfc8 31. Rb8 Qf5 32. Bd7 Bf4 33. Rxc8+ Rxc8 34. Qh4 1-0


[Site "https://www.chess.com"]